 Dungeon Crawl Stone Soup version 0.28-a0-792-g75f770b44e (webtiles) character file.

Game seed: 4477011694672168016

12886 Norrang the Thaumaturge (level 12, -2/97 HPs)
             Began as a Djinni Fire Elementalist on Nov 3, 2021.
             Was a High Priest of Makhleb.
             Slain by a death yak (20 damage)
             ... on level 10 of the Dungeon.
             The game lasted 01:34:45 (10440 turns).

Norrang the Thaumaturge (Djinni Fire Elementalist) Turns: 10440, Time: 01:34:49

Health: -2/97      AC: 14    Str:  8    XL:     12   Next: 25%
Gold:   431        EV: 18    Int: 25    God:    Makhleb [*****.] SH:  0 Dex: 13

rFire   + + .      SeeInvis .   b - +5 scimitar (flame)
rCold   x . .      Faith    .   (no shield)
rNeg    . . .      Spirit   .   B - +1 steam dragon scales
rPois   ∞          Reflect  .   M - +1 helmet {Int+3}
rElec   .          Harm     .   s - +1 cloak
rCorr   .          Rampage  .   l - +2 pair of gloves
Will    ++...                   (boots unavailable)
Stlth   ++........              o - amulet of Vitality {Regen+ HP+15}
HPRegen 1.26/turn               c - +4 ring of evasion
MPRegen 0.00/turn               I - ring of willpower

@: flying
A: sickness immunity, fire resistance 2, cold vulnerability 1, float, innate
caster, hp casting, extra vitality 1
a: Renounce Religion, Minor Destruction, Lesser Servant of Makhleb, Major
Destruction, Greater Servant of Makhleb


You were on level 10 of the Dungeon.
You worshipped Makhleb.
Makhleb was extremely pleased with you.
You visited 2 branches of the dungeon, and saw 11 of its levels.

You collected 431 gold pieces.

Inventory:

Hand Weapons
 b - a +5 scimitar of flaming (weapon)
 q - a +2 long sword of holy wrath
 r - a +3 quarterstaff of chaos
 t - a +2 short sword of venom
 C - a +3 short sword
 L - the +4 mace "Madups" {drain, *Corrode rPois Int+2 Stlth+}
   (You found it on level 8 of the Dungeon)

   A truly terrible weapon, it drains the life of any living foe it strikes.
   Int:       It affects your intelligence (+2).
   rPois:     It protects you from poison.
   *Corrode:  It may corrode you when you take damage.
   Stlth:     It makes you more stealthy.
 N - a +0 flail
Armour
 l - a +2 pair of gloves (worn)
 m - +0 acid dragon scales
 s - a +1 cloak (worn)
 z - a +1 leather armour of fire resistance
 B - +1 steam dragon scales (worn)
 F - a +0 robe of willpower
 M - a +1 helmet of intelligence (worn)
Magical Staves
 y - a staff of death
Jewellery
 c - a +4 ring of evasion (left hand)
 h - a +6 ring of strength
 j - an amulet of regeneration
 o - the amulet of Vitality (around neck) {Regen+ HP+15}
   (You found it on level 5 of the Dungeon)

   [amulet of regeneration]

   HP:        It affects your health (+15).
   Regen:     It increases your rate of health regeneration.
 I - a ring of willpower (right hand)
Wands
 a - a wand of paralysis (6)
 v - a wand of flame (57)
 G - a wand of polymorph (20)
 O - a wand of iceblast (11)
Scrolls
 e - 3 scrolls of torment
 K - a scroll of teleportation
 P - a scroll of magic mapping
Potions
 d - a potion of attraction
 f - a potion of magic {unknown}
 g - 5 potions of haste
 i - a potion of might
 k - a potion of degeneration {unknown}
 n - 2 potions of flight
 p - a potion of curing
 u - a potion of heal wounds {unknown}
 x - a potion of mutation {unknown}
 A - a potion of lignification
 D - a potion of invisibility
 H - 2 potions of brilliance {unknown}
 J - 2 potions of resistance


   Skills:
 * Level 5.7 Fighting
 - Level 4.0(4.4) Short Blades
 * Level 2.8(3.9) Long Blades
 * Level 4.6 Armour
 * Level 6.9 Dodging
 - Level 1.5 Stealth
 * Level 11.7 Spellcasting
 * Level 3.1 Invocations


You had 8 spell levels left.
You knew the following spells:

 Your Spells              Type           Power      Damage    Failure   Level
a - Foxfire               Conj/Fire      100%       2x1d9     1%          1
b - Scorch                Fire           100%       2d10      1%          2
c - Conjure Flame         Conj/Fire      65%        6-21      1%          3
d - Inner Flame           Hex/Fire       65%        N/A       1%          3
e - Flame Wave            Conj/Fire      65%        3d12      1%          4
f - Beastly Appendage     Tmut           100%       N/A       1%          1
g - Searing Ray           Conj           100%       2d8       1%          2
h - Dazzling Flash        Conj/Hex       100%       N/A       1%          3
i - Lesser Beckoning      Tloc           65%        N/A       1%          3
j - Dispel Undead         Necr           65%        3d22      1%          4
Your spell library was empty.

Dungeon Overview and Level Annotations

Branches:
Dungeon (10/15)            Temple (1/1) D:4            Lair (0/6) D:10
    Orc (0/2) D:9

Altars:
Ashenzari
Cheibriados
Dithmenos
Elyvilon
Fedhas
Gozag
Hepliaklqana
Kikubaaqudgha
Makhleb
Nemelex Xobeh
Okawaru
Qazlal
Sif Muna
Trog
Uskayaw
Vehumet
Wu Jian
Xom
Yredelemnul
Zin
The Shining One
Beogh


Innate Abilities, Weirdness & Mutations

You are immune to sickness and miasma.
You are immune to poison.
Your flesh is very heat resistant. (rF++)
You are vulnerable to cold. (rC-)
You float through the air rather than walking.
You learn spells naturally, not from books.
Your magical power is your life essence.
You have superior vitality. (+4 HP)


Message History

The death yak gores you!
* * * LOW HITPOINT WARNING * * *
You feel better. The death yak closely misses you.
Casting: Scorch (safe; 1% risk of failure)
Confirm with . or Enter, or press ? or * to list all spells.
Aiming: Searing Ray (safe; 1% risk of failure)
Press: ? - help, Shift-Dir - straight line, f - death yak
Aim: a death yak (grey smoke, lightly wounded, more vulnerable to fire, 94% to hit)
The searing ray hits the death yak!
The death yak is moderately wounded. (Press . to maintain the ray.)
* * * LOW HITPOINT WARNING * * *
The death yak gores you but does no damage.
The searing ray hits the death yak!
The death yak is heavily wounded.
* * * LOW HITPOINT WARNING * * *
The death yak gores you but does no damage.
The searing ray hits the death yak but does no damage.
The death yak is heavily wounded.
* * * LOW HITPOINT WARNING * * *
The death yak is no longer more vulnerable to fire.
The death yak gores you.
* * * LOW HITPOINT WARNING * * *
The searing ray hits the death yak!
The death yak is severely wounded.
* * * LOW HITPOINT WARNING * * *
You finish channelling your searing ray.
The death yak gores you!
* * * LOW HITPOINT WARNING * * *
The death yak gores you but does no damage.
Casting: Searing Ray (safe; 1% risk of failure)
Confirm with . or Enter, or press ? or * to list all spells.
Casting: Flame Wave (safe; 1% risk of failure)
Press: ? - help, Dir - look around, f - activate A wave of flame ripples out!
The flame wave engulfs the death yak!!
The death yak is almost dead. (Press . to intensify the flame waves.)
* * * LOW HITPOINT WARNING * * *
The death yak gores you!!
You die...

# #........#
##...........Y..###...
#..........#..## #...
##.......#.....# #... #
#.....#§§.#....# #...
####.# #.#.....>.#....##
#...# .....#
##.....#§§.#.....# #....
...<#
##.......§.§§§....##.....
≈≈..#
#.......@Y§§§§...........
.≈.## ##....###§§.§.§..#
...... .≈.# ##.....#
#####§........# .≈.#
#......# #§.#####. .≈.#
##..#...# #..# .≈.#
#...#...## ##.##
.≈........#...# ##...##
.≈.......(....###.....#
≈≈...####......#......#


You could see a death yak.

Vanquished Creatures
  A boulder beetle (D:9)
  3 two-headed ogres
  3 death yaks (D:10)
  A deep elf pyromancer (D:9)
  Psyche (D:8)
  2 trolls
  A hornet (D:10)
  A wraith (D:9)
  2 wyverns
  4 yaks (D:6)
  5 steam dragons
  A warg (D:9)
  2 acid dragons
  10 orc warriors
  An ice beast (D:6)
  2 black bears
  A sky beast (D:6)
  An ogre (D:6)
  A centaur (D:6)
  2 necrophages
  2 phantoms (D:6)
  4 kobold brigands
  A bullfrog (D:7)
  2 wyvern zombies (D:6)
  2 scorpions
  A water moccasin skeleton (D:5)
  7 killer bees
  28 wights
  5 howler monkeys
  4 centaur zombies
  2 jellies
  12 orc priests
  Crazy Yiuf (D:3)
  3 hounds
  2 gnoll shamans
  An iguana (D:6)
  14 orc wizards
  A hound skeleton (D:5)
  A howler monkey zombie (D:8)
  A howler monkey skeleton (D:7)
  11 gnolls
  6 adders
  6 white imps
  3 ufetubi
  3 worms
  4 dart slugs
  51 orcs
  2 bats
  5 endoplasms
  A giant cockroach (D:2)
  9 goblins
  3 hobgoblins
  7 jackals
  5 quokkas
  4 ball pythons
  8 frilled lizards
  10 kobolds
  6 rats
283 creatures vanquished.

Vanquished Creatures (others)
  457 foxfires
  A fungus (D:3)
458 creatures vanquished.

Grand Total: 741 creatures vanquished

Notes
Turn   | Place    | Note
-------+----------+-------------------------------------------
     0 | D:1      | Norrang the Djinni Fire Elementalist began the quest for
                  | the Orb.
     0 | D:1      | Reached XP level 1. HP: 15/15 MP: 0/0
   147 | D:1      | Reached XP level 2. HP: 14/21 MP: 0/0
   663 | D:1      | Reached skill level 3 in Spellcasting
   663 | D:1      | Reached XP level 3. HP: 25/26 MP: 0/0
   663 | D:1      | Learned a level 1 spell: Beastly Appendage
  1680 | D:2      | Reached XP level 4. HP: 18/31 MP: 0/0
  1773 | D:2      | Reached skill level 1 in Fighting
  1949 | D:2      | Found a faded altar of an unknown god.
  1959 | D:2      | Reached XP level 5. HP: 37/37 MP: 0/0
  1959 | D:2      | Learned a level 2 spell: Searing Ray
  2311 | D:3      | Found a runed translucent door.
  2312 | D:3      | Noticed Crazy Yiuf
  2575 | D:3      | Reached skill level 4 in Spellcasting
  2636 | D:3      | Noticed a necrophage
  2655 | D:3      | Killed a necrophage
  2656 | D:3      | Reached skill level 1 in Short Blades
  2656 | D:3      | Reached XP level 6. HP: 40/42 MP: 0/0
  2966 | D:3      | Killed Crazy Yiuf
  3123 | D:4      | Reached XP level 7. HP: 32/48 MP: 0/0
  3123 | D:4      | Learned a level 3 spell: Dazzling Flash
  3639 | D:4      | Reached skill level 5 in Spellcasting
  3826 | D:4      | Found a staircase to the Ecumenical Temple.
  3847 | Temple   | Entered the Ecumenical Temple
  3998 | Temple   | Became a worshipper of Makhleb the Destroyer
  4163 | D:5      | Entered Level 5 of the Dungeon
  4509 | D:5      | Found the amulet of Vitality {Regen+ HP+15}
  4905 | D:6      | Reached XP level 8. HP: 55/55 MP: 0/0
  5039 | D:6      | Reached skill level 6 in Spellcasting
  5049 | D:6      | Reached * piety under Makhleb
  5186 | D:6      | Reached XP level 9. HP: 60/60 MP: 0/0
  5186 | D:6      | Learned a level 3 spell: Lesser Beckoning
  5195 | D:6      | Reached skill level 7 in Spellcasting
  5226 | D:6      | Reached skill level 1 in Armour
  5485 | D:6      | Found a shadowy altar of Dithmenos.
  5660 | D:6      | Reached skill level 5 in Dodging
  5844 | D:6      | Reached skill level 8 in Spellcasting
  6262 | D:6      | Reached XP level 10. HP: 67/67 MP: 0/0
  6452 | D:7      | Reached ** piety under Makhleb
  6733 | D:7      | Reached skill level 9 in Spellcasting
  7378 | D:8      | Noticed Psyche
  7379 | D:8      | Reached *** piety under Makhleb
  7382 | D:8      | Killed Psyche
  7917 | D:8      | Found a transporter.
  8057 | D:8      | Identified the +11 mace "Yruhe" {drain, *Rage rC+++ Int+2}
  8185 | D:8      | Reached skill level 10 in Spellcasting
  8185 | D:8      | Reached skill level 1 in Invocations
  8185 | D:8      | Reached XP level 11. HP: 63/74 MP: 0/0
  8185 | D:8      | Learned a level 4 spell: Dispel Undead
  8415 | D:8      | Found a transporter.
  8432 | D:8      | Reached skill level 1 in Long Blades
  8475 | D:8      | Reached **** piety under Makhleb
  8486 | D:8      | Identified the +4 mace "Madups" {drain, *Corrode rPois
                  | Int+2 Stlth+}
  8717 | D:9      | Found a staircase to the Orcish Mines.
  8915 | D:9      | Reached skill level 5 in Fighting
  9011 | D:9      | Noticed a boulder beetle
  9031 | D:9      | Noticed a two-headed ogre
  9033 | D:9      | Noticed a deep elf pyromancer
  9036 | D:9      | Killed a two-headed ogre
  9039 | D:9      | Killed a boulder beetle
  9039 | D:9      | Noticed a two-headed ogre
  9049 | D:9      | Killed a two-headed ogre
  9050 | D:9      | Reached skill level 11 in Spellcasting
  9059 | D:9      | Killed a deep elf pyromancer
  9706 | D:10     | Entered Level 10 of the Dungeon
  9737 | D:10     | Noticed a death yak
  9750 | D:10     | Killed a death yak
  9750 | D:10     | Noticed a death yak
  9757 | D:10     | Noticed a death yak
  9758 | D:10     | Noticed a death yak
  9770 | D:10     | Killed a death yak
  9771 | D:10     | Reached XP level 12. HP: 54/81 MP: 0/0
 10038 | D:10     | Noticed a two-headed ogre
 10042 | D:10     | Killed a two-headed ogre
 10183 | D:10     | Reached ***** piety under Makhleb
 10197 | D:10     | Found an opulent altar of Gozag.
 10266 | D:10     | Found a glowing silver altar of Zin.
 10406 | D:10     | Found a staircase to the Lair.
 10426 | D:10     | Killed a death yak
 10440 | D:10     | Slain by a death yak

Illustrated notes

Levels and vault maps discovered:
D:1:      nicolae_arrival_memento_mori, layout_loops_ring, serial_forest,
          infiniplex_forest_straight_4, infiniplex_forest_lined_room_2,
          infiniplex_forest_join, infiniplex_forest_clump_tiny,
          infiniplex_forest_clump_long, infiniplex_forest_straight_2,
          infiniplex_forest_end_2, infiniplex_forest_lined_3,
          infiniplex_forest_clump_small, minmay_domino_2
D:2:      layout_basic, chequers_ecumenical_altar_island
D:3:      layout_rooms, uniq_crazy_yiuf_cottage
D:4:      layout_basic, temple_green
D:5:      layout_cave_pods
D:6:      minmay_opposing_rooms, layout_layer_cave,
          grunt_dithmenos_smoke_and_mirrors
D:7:      layout_basic
D:8:      gammafunk_beogh_shrine, layout_basic,
          nicolae_ossuary_entry_false_entrances, minmay_misc_feat_diagonals,
          uniq_psyche
D:9:      layout_irregular_city, david_orc_3, minmay_alternating_orb
D:10:     layout_layer_cave, mainiacjoe_overflow_big_doors,
          mainiacjoe_overflow_brackets, dpeg_lair_monsters
Temple:   hc_temple_tempest_star

Skill      XL: |  1  2  3  4  5  6  7  8  9 10 11 12 |
---------------+-------------------------------------+-----
Spellcasting   | 3 4 5 6 8 10 11 | 11.7
Fighting       | 1 2 3 4 5 |  5.7
Dodging        | 3 4 5 6 |  6.9
Short Blades   | 1 2 3 4 |  4.0
Armour         | 2 3 4 |  4.6
Invocations    | 1 2 3 |  3.1
Long Blades    | 2 |  2.8
Stealth        | |  1.5

Action                   |  1- 3 |  4- 6 |  7- 9 | 10-12 || total
-------------------------+-------+-------+-------+-------++-------
Melee: Unarmed           |     2 |       |       |       ||     2
       Short sword       |     1 |    31 |    20 |    29 ||    81
       Scimitar          |       |       |       |    13 ||    13
 Cast: Foxfire           |    38 |    75 |    79 |    98 ||   290
       Scorch            |     2 |     2 |     7 |     9 ||    20
       Inner Flame       |     1 |     5 |    20 |    61 ||    87
       Conjure Flame     |       |     2 |     3 |     5 ||    10
       Beastly Appendage |       |     1 |       |     1 ||     2
       Flame Wave        |       |       |    15 |    38 ||    53
       Searing Ray       |       |       |     7 |    17 ||    24
       Dazzling Flash    |       |       |       |    22 ||    22
Invok: Minor Destruction |       |       |       |     3 ||     3
  Use: Scroll            |     1 |     2 |     8 |    13 ||    24
       Potion            |       |       |       |     1 ||     1
 Stab: Distracted        |       |       |       |     1 ||     1
       Invisible         |       |       |       |     1 ||     1
Armor: Robe              |     1 |    19 |       |       ||    20
       Steam dragon scal |       |       |     5 |    24 ||    29
Dodge: Dodged            |    23 |    49 |    38 |   103 ||   213

Table legend: (Time is in decaauts)
 A = Elapsed time spent in this place.
 B = Non-inter-level travel time spent in this place.
 C = Inter-level travel time spent in this place.
 D = Time resting spent in this place.
 E = Time spent auto-exploring this place.
 F = Levels seen in this place.
 G = Mean time per level.
                   A        B        C        D        E       F      G
               +--------+--------+--------+--------+--------+-----+--------+
         Total |  10437 |  10181 |    256 |   1723 |   6272 |  11 |  948.8 |
       Dungeon |  10172 |   9938 |    234 |   1723 |   6084 |  10 | 1017.2 |
        Temple |    265 |    243 |     22 |      0 |    188 |   1 |  265.0 |
               +--------+--------+--------+--------+--------+-----+--------+

Top non-repeatable levels by time:
     D:1: 1651 daAuts
     D:6: 1483 daAuts
     D:8: 1262 daAuts
     D:9: 1166 daAuts
     D:7: 902 daAuts
     D:4: 891 daAuts
     D:3: 743 daAuts
    D:10: 734 daAuts
     D:5: 726 daAuts
     D:2: 609 daAuts
  Temple: 265 daAuts
